 Dungeon Sprint DCSS version 0.31-a0-365-gcf821cafb2 (webtiles) character file.

Game seed: 7212308447902720486

32 rocky1 the Insei (level 3, -3/24 HPs)
             Began as an Octopode Shapeshifter on July 28, 2023.
             Was a Priest of Cheibriados.
             Slain by a fire bat (6 damage)
             ... in the Dungeon (Sprint VII: "The Pits").
             The game lasted 00:01:26 (599 turns).

rocky1 the Insei (Octopode Shapeshifter)             Turns: 599, Time: 00:01:27

Health: -3/24      AC:  1    Str: 21    XL:     3   Next: 25%
Magic:  4/4        EV: 14    Int: 17    God:    Cheibriados [***...]
Gold:   0          SH:  0    Dex: 21    Spells: 4/4 levels left

rFire   . .          .
                       - Unarmed
rCold   . . .        (no shield)
rNeg    . . .        (helmet currently unavailable)
rPois   .            (no amulet)
rElec   .            (no ring)
rCorr   .            (no ring)
SInv    .            (no ring)
Will    .....        (no ring)
Stlth   +++          (no ring)
HPRegen 0.24/turn    (no ring)
MPRegen 0.09/turn    (no ring)
                     (no ring)

%: no teleportation
@: beast-form, very slow
A: beast (slay +2), almost no armour, amphibious, 8 rings, camouflage 1,
gelatinous body 1, (nimble swimmer 1), tentacles
a: Begin Untransformation, Renounce Religion, Bend Time, Temporal Distortion


You were in the Dungeon.
You worshipped Cheibriados.
Cheibriados was most pleased with you.
You were a hulking beast.
You visited 1 branch

Inventory:

Talismans
 b - a beast talisman
Scrolls
 h - a scroll of blinking
 j - 5 scrolls of amnesia
 k - a scroll of butterflies
Potions
 a - a potion of lignification
 c - 6 potions of curing
 d - 6 potions of heal wounds
 e - a potion of haste
 f - 4 potions of magic
 g - 3 potions of berserk rage
 i - 2 potions of invisibility


   Skills:
 + Level 1.7 Fighting
 + Level 3.0 Dodging
 + Level 1.9 Stealth
 * Level 4.4 Unarmed Combat
 + Level 1.0 Spellcasting
 + Level 1.2 Invocations
 * Level 4.1 Shapeshifting


You had 4 spell levels left.
You didn't know any spells.
Your spell library was empty.

Dungeon Overview and Level Annotations

Branches:
Dungeon (1/1)

Altars:
Ashenzari
Cheibriados
Dithmenos
Elyvilon
Fedhas
Gozag
Hepliaklqana
Kikubaaqudgha
Makhleb
Nemelex Xobeh
Okawaru
Qazlal
Ru
Sif Muna
Trog
Uskayaw
Vehumet
Wu Jian
Xom
Yredelemnul
Zin
The Shining One
Jiyva
Lugonu

Annotations:
D Sigmund


Innate Abilities, Weirdness & Mutations

You are a hulking beast.
Your limbs bulge with bestial killing power. (Slay +2)
You cannot wear most types of armour.
You are amphibious.
You can wear up to eight rings at the same time.
Your skin changes colour to match your surroundings (Stealth+).
Your rubbery body absorbs attacks. (AC +1, EV +1)
((You are camouflaged when in or above water. (Stealth+)))
You have tentacles for arms and can constrict up to eight enemies at once.


Message History

Magic restored.
You start resting.
HP restored.
You start waiting.
Done waiting.
You open the door.
Found ten items.
There is an open door here.
d - 6 potions of heal wounds (gained 5)
c - 6 potions of curing (gained 5)
You see here a +2 heavy mace.
You see here a +1 dagger of venom.
You see here a +1 quarterstaff of protection.
You see here a +2 plate armour.
You see here a +1 quarterstaff of protection.
You see here a +1 dagger of venom.
You see here a +2 heavy mace.
There is an open door here.
There is an open door here.
There is an open door here.
You see here a +0 club.
There is an open door here.
As you open the door, it creaks loudly!
There is an open door here.
You open the door.
An orc and a fire bat come into view. 5 wights, 2 orcs, a quasit and Sigmund come into view.
A wight is wielding a +0 great sword and wearing a +0 robe of willpower.
The orc shouts!
An orc comes into view. It is wielding a +0 mace.
The fire bat closely misses you.
The orc moves out of view.
There is an open door here.
The fire bat attacks as you move away! The fire bat bites you.
You are engulfed in flames!
A fire bat comes into view.
The fire bat bites you.
You are engulfed in flames!
* * * LOW HITPOINT WARNING * * *
The fire bat moves out of view.
The fire bat bites you.
You die...

#...........'.....
#'#####'#####.....
#.#.....#[[##.....
#.#...).#))#####'#
#.###'###))##.....
#.#.)...#))##.....
#.#.....#..##.....
#.####'##'###...<.
#h#...รท....##.....
#b#...)....##.....
#'###########.....
#.z..ozz# ######
#..z#.z.# #...# .#
#.##o #.. #. #.. ..


You could see a fire bat and a wight.

Vanquished Creatures
  A gnoll (D)
  A river rat (D)
  An adder skeleton (D)
  2 endoplasms (D)
  A goblin (D)
  3 jackals (D)
  A kobold (D)
  A quokka zombie (D)
11 creatures vanquished.

Notes
Turn   | Place    | Note
-------+----------+-------------------------------------------
     0 | D        | rocky1 the Octopode Shapeshifter began the quest for the
                  | Orb.
     0 | D        | Reached XP level 1. HP: 13/13 MP: 1/1
    27 | D        | Found a bloodstained altar of Trog.
    27 | D        | Found a shimmering blue altar of Sif Muna.
    27 | D        | Found a viscous altar of Jiyva.
    27 | D        | Found a hazy altar of Hepliaklqana.
    27 | D        | Found an opulent altar of Gozag.
    28 | D        | Found a glowing golden altar of the Shining One.
    28 | D        | Found a glowing silver altar of Zin.
    28 | D        | Found a basalt altar of Yredelemnul.
    28 | D        | Found a shimmering altar of Xom.
    28 | D        | Found an ornate altar of the Wu Jian Council.
    28 | D        | Found a sacrificial altar of Ru.
    28 | D        | Found a stormy altar of Qazlal.
    28 | D        | Found an iron altar of Okawaru.
    28 | D        | Found a sparkling altar of Nemelex Xobeh.
    28 | D        | Found a burning altar of Makhleb.
    28 | D        | Found a blossoming altar of Fedhas.
    28 | D        | Found a white marble altar of Elyvilon.
    28 | D        | Found a shadowy altar of Dithmenos.
    28 | D        | Found a snail-covered altar of Cheibriados.
    31 | D        | Found a corrupted altar of Lugonu.
    31 | D        | Found a radiant altar of Vehumet.
    32 | D        | Found an ancient bone altar of Kikubaaqudgha.
    32 | D        | Found a hide-covered altar of Uskayaw.
    32 | D        | Found a broken altar of Ashenzari.
    39 | D        | Became a worshipper of Cheibriados the Contemplative
   254 | D        | Reached * piety under Cheibriados
   255 | D        | Reached XP level 2. HP: 18/18 MP: 2/2
   363 | D        | Reached ** piety under Cheibriados
   371 | D        | Reached skill level 1 in Stealth
   371 | D        | Reached skill level 1 in Invocations
   373 | D        | Reached *** piety under Cheibriados
   374 | D        | Reached skill level 1 in Spellcasting
   374 | D        | Reached XP level 3. HP: 5/24 MP: 2/4
   596 | D        | Noticed a fire bat
   597 | D        | Noticed a wight
   597 | D        | Noticed a wight
   597 | D        | Noticed a wight
   597 | D        | Noticed a wight
   597 | D        | Noticed a wight
   597 | D        | Noticed Sigmund
   598 | D        | Noticed a fire bat
   599 | D        | Slain by a fire bat

Illustrated notes

Levels and vault maps discovered:
D:        pitsprint [storerooms_1, entrance_room_1, metal_vault_1, armoury_1,
          mini_pit_1, grid_room_1, main_hall_1, silver_pit, the_coven_1,
          the_vestibule_1, steel_vault_5, golden_pit, hallway_of_sentries,
          crystal_vault_2, iron_vault_2, final_vault]

Skill      XL: |  1  2 |
---------------+-------+-----
Unarmed Combat | 4 |  4.4
Stealth        | 1 |  1.9
Invocations    | 1 |  1.2
Dodging        | 3 |  3.0
Spellcasting   | 1 |  1.0
Shapeshifting  | 4 |  4.1
Fighting       | |  1.7

Action                     || total
---------------------------++-------
  Melee: Unarmed           ||    20
         Constrict         ||     5
         Tentacles         ||     4
         Punch             ||     2
   Stab: Sleeping          ||     1
 Armour: Skin              ||     1
  Dodge: Dodged            ||    16

Table legend: (Time is in decaauts)
 A = Elapsed time spent in this place.
 B = Non-inter-level travel time spent in this place.
 C = Inter-level travel time spent in this place.
 D = Time resting spent in this place.
 E = Time spent auto-exploring this place.
 F = Levels seen in this place.
 G = Mean time per level.
                   A        B        C        D        E       F      G
               +--------+--------+--------+--------+--------+-----+--------+
         Total |    639 |    607 |     32 |    441 |      0 |   1 |  639.0 |
       Dungeon |    639 |    607 |     32 |    441 |      0 |   1 |  639.0 |
               +--------+--------+--------+--------+--------+-----+--------+

Top non-repeatable levels by time:
       D: 639 daAuts
